 Dungeon Crawl Stone Soup version 0.23-a0-639-ga9a3373214 (webtiles) character file.

4246 Adamkad1 the Blocker (level 10, -5/80 HPs)
             Began as a Formicid Fighter on Dec 29, 2018.
             Was a Follower of Uskayaw.
             Slain by a centaur
             ... wielding a cursed +0 shortbow
             ... led by a centaur warrior
              (6 damage)
             ... on level 14 of the Dungeon.
             The game lasted 00:20:13 (8642 turns).

Adamkad1 the Blocker (Formicid Fighter)             Turns: 8642, Time: 00:20:13

Health: -5/80      AC: 13    Str: 23    XL:     10   Next: 56%
Magic:  12/12      EV: 10    Int:  9    God:    Uskayaw [*.....]
Gold:   457        SH: 11    Dex: 10    Spells: 9/9 levels left

rFire    + . .     SeeInvis +   A - +2 flail (protect)
rCold    . . .     Gourm    .   c - +0 shield
rNeg     . . .     Faith    .   t - +0 plate armour
rPois    .         Spirit   .   (helmet unavailable)
rElec    .         Reflect  .   (no cloak)
rCorr    .         Harm     .   (no gloves)
MR       +....                  (no boots)
Stlth    ..........             (no amulet)
HPRegen  0.23/turn              i - +3 ring of evasion
MPRegen  0.13/turn              u - ring of protection from fire

@: starving, drained
A: permanent stasis, dig shafts and tunnels, four strong arms, antennae 3
a: Dig, Shaft Self, Stomp, Renounce Religion


You were on level 14 of the Dungeon.
You worshipped Uskayaw.
Uskayaw was noncommittal.
You were starving.

You visited 2 branches of the dungeon, and saw 12 of its levels.

You collected 457 gold pieces.

Inventory:

Hand Weapons
 a - a +1 flail
 x - a +2 whip of freezing
 y - a +0 whip
 A - a +2 flail of protection (weapon)
Armour
 b - a +1 scale mail
 c - a +0 shield (worn)
 t - a +0 plate armour (worn)
Jewellery
 i - a +3 ring of evasion (left hand)
 u - a ring of protection from fire (right hand)
 B - an uncursed ring of ice {unknown}
Wands
 o - a wand of paralysis (6)
 D - a wand of clouds (8)
 G - a wand of flame (18)
 I - a wand of random effects (14)
Scrolls
 g - 2 scrolls of identify
 h - 6 scrolls of enchant weapon
 k - 3 scrolls of remove curse
 v - a scroll of amnesia
 w - a scroll of immolation
 z - 5 scrolls of enchant armour
 C - a scroll of fog {unknown}
Potions
 d - 2 potions of might
 e - a potion of flight
 j - 2 potions of lignification {unknown}
 l - 4 potions of curing
 m - a potion of agility {unknown}
 n - 2 potions of heal wounds {unknown}
 p - 3 potions of degeneration {unknown}
 q - 2 potions of berserk rage {unknown}
 r - a potion of brilliance {unknown}
 s - 3 potions of cancellation
 E - a potion of resistance {unknown}
Comestibles
 f - 12 rations


   Skills:
 * Level 7.8(7.2) Fighting
 * Level 6.7(6.1) Maces & Flails
 * Level 7.7(7.1) Armour
 + Level 3.9(3.3) Dodging
 + Level 5.8(5.2) Stealth
 * Level 8.5(7.9) Shields
 * Level 3.1(2.5) Invocations


You had 9 spell levels left.
You didn't know any spells.
Your spell library was empty.

Dungeon Overview and Level Annotations

Branches:
Dungeon (11/15)            Temple (1/1) D:7
   Lair: D:8-11         Orc: D:9-12

Altars:
Ashenzari
Cheibriados
Elyvilon
Gozag
Sif Muna
Uskayaw
Vehumet
Xom
Zin

Shops:
D:7 =


Innate Abilities, Weirdness & Mutations

You cannot be hasted, slowed, berserked, paralysed or teleported.
You can dig through walls and to a lower floor.
Your four strong arms can wield two-handed weapons with a shield.
You have a pair of large antennae on your head. (SInv)


Message History

The centaur hits you but does no damage.
The centaur shoots an arrow.
The arrow barely misses you. You block the meliai zombie's attack.
The meliai zombie barely misses you.
The centaur wields a +0 shortbow.
The centaur shoots an arrow.
The arrow hits you.
* * * LOW HITPOINT WARNING * * *
There is a stone staircase leading up, spattered with blood here.
You see here 2 arrows.
The centaur barely misses you.
The meliai zombie hits you but does no damage.
The meliai zombie hits you.
* * * LOW HITPOINT WARNING * * *
The centaur shoots an arrow.
The arrow hits you!
* * * LOW HITPOINT WARNING * * *
The centaur shoots an arrow.
You block the arrow. You block the meliai zombie's attack.
The meliai zombie hits you but does no damage.
The deep elf mage hits you but does no damage.
The centaur hits you with a cursed +0 shortbow.
You die...

## ###.# { ..#.###
########.#...
#..((..#.#c##
#.####9ccc.c#
{#.######Z#..####.
#.##....c@e......
{
{#9##.############
#.# #.# #.# #.#
#.# ≈≈.≈≈≈≈#.#
≈≈.≈≈≈≈#.#


You could see a deep elf mage, a gargoyle, 5 centaurs and a meliai zombie.

Vanquished Creatures
  A two-headed ogre (D:8)
  Pikel (D:5)
  A hornet (D:8)
  A hippogriff (D:7)
  Sigmund (D:5)
  A wyvern (D:8)
  A sky beast (D:5)
  Duvessa (D:5)
  A necrophage (D:7)
  2 orc warriors
  3 centaurs
  An ogre (D:8)
  A big kobold (D:5)
  3 bullfrogs
  Dowan (D:5)
  A scorpion (D:5)
  4 wights (D:6)
  A howler monkey (D:7)
  2 crimson imps
  A bullfrog zombie (D:7)
  2 orc priests
  A jelly (D:8)
  8 hounds
  2 bullfrog skeletons
  A centaur skeleton (D:8)
  An orc wizard (D:3)
  4 iguanas
  7 worker ants
  A hound zombie (D:5)
  A hound skeleton (D:4)
  Robin (D:3)
  12 adders
  3 gnolls (D:3)
  A shadow imp (D:7)
  2 oozes (D:2)
  An adder skeleton (D:5)
  4 worms
  2 dart slugs
  3 leopard geckos
  16 orcs
  4 giant cockroaches
  10 goblins
  10 hobgoblins
  8 jackals
  5 quokkas
  A ball python (D:4)
  A ball python skeleton (D:5)
  7 bats
  6 frilled lizards
  8 kobolds
  4 quokka skeletons
  7 rats
173 creatures vanquished.

Vanquished Creatures (others)
  An orc wizard (D:4)
  A jelly (D:5)
  A plant (D:5)
3 creatures vanquished.

Grand Total: 176 creatures vanquished

Notes
Turn   | Place    | Note
-------+----------+-------------------------------------------
     0 | D:1      | Adamkad1 the Formicid Fighter began the quest for the Orb.
     0 | D:1      | Reached XP level 1. HP: 18/18 MP: 1/1
   129 | D:1      | Reached XP level 2. HP: 24/24 MP: 2/2
   423 | D:2      | Reached XP level 3. HP: 29/29 MP: 3/3
   441 | D:2      | Found a faded altar of an unknown god.
   522 | D:2      | Reached skill level 4 in Shields
   535 | D:2      | Reached skill level 1 in Stealth
   668 | D:2      | You fall through a shaft for 2 floors!
   686 | D:4      | Reached XP level 4. HP: 28/37 MP: 4/4
  1090 | D:2      | Reached skill level 1 in Dodging
  1090 | D:2      | Reached XP level 5. HP: 38/42 MP: 5/5
  1454 | D:2      | Found a shimmering altar of Xom.
  1454 | D:2      | Found an opulent altar of Gozag.
  1461 | D:2      | Found a faded altar of an unknown god.
  1463 | D:2      | Found a snail-covered altar of Cheibriados.
  1464 | D:2      | Found a deep blue altar of Sif Muna.
  1894 | D:3      | Reached XP level 6. HP: 43/48 MP: 6/6
  1977 | D:3      | Noticed Robin
  2112 | D:3      | Killed Robin
  2265 | D:3      | Found a shimmering altar of Xom.
  2267 | D:3      | Found a shimmering altar of Xom.
  2268 | D:3      | Found a shimmering altar of Xom.
  2272 | D:3      | Found a shimmering altar of Xom.
  2272 | D:3      | Found a shimmering altar of Xom.
  2895 | D:4      | Reached skill level 5 in Shields
  2905 | D:4      | Reached XP level 7. HP: 41/55 MP: 7/7
  4565 | D:5      | Entered Level 5 of the Dungeon
  4571 | D:5      | Noticed Sigmund
  4674 | D:5      | Reached skill level 5 in Fighting
  4674 | D:5      | Reached skill level 5 in Armour
  4857 | D:5      | Reached XP level 8. HP: 58/62 MP: 8/8
  4860 | D:5      | Found a shattered altar of Ashenzari.
  5088 | D:4      | Reached skill level 6 in Shields
  5288 | D:5      | Noticed Pikel
  5304 | D:5      | Killed Pikel
  5304 | D:5      | Reached skill level 5 in Maces & Flails
  5304 | D:5      | Reached XP level 9. HP: 69/69 MP: 9/9
  5319 | D:5      | Noticed Dowan
  5319 | D:5      | Noticed Duvessa
  5353 | D:5      | Killed Duvessa
  5355 | D:5      | Killed Dowan
  5436 | D:5      | Reached skill level 7 in Shields
  5809 | D:5      | Killed Sigmund
  6045 | D:6      | Found the +3 hat of Pondering {ponderous, MR+ MP+10 Int+5}
  7075 | D:7      | Noticed a hippogriff
  7094 | D:7      | Killed a hippogriff
  7094 | D:7      | Reached skill level 5 in Stealth
  7201 | D:7      | Reached XP level 10. HP: 79/79 MP: 10/10
  7270 | D:7      | Found a staircase to the Ecumenical Temple.
  7292 | Temple   | Entered the Ecumenical Temple
  7347 | Temple   | Became a worshipper of Uskayaw the Reveler
  7467 | D:7      | Reached * piety under Uskayaw
  7688 | D:7      | Found Itymad's Jewellery Shop.
  7762 | D:8      | Reached ** piety under Uskayaw
  7765 | D:8      | Reached skill level 8 in Shields
  7770 | D:8      | Reached *** piety under Uskayaw
  7884 | D:8      | Reached skill level 1 in Invocations
  7908 | D:8      | Found a radiant altar of Vehumet.
  7926 | D:8      | Found a white marble altar of Elyvilon.
  8031 | D:8      | Noticed a two-headed ogre
  8040 | D:8      | Reached **** piety under Uskayaw
  8043 | D:8      | Killed a two-headed ogre
  8047 | D:8      | Reached ***** piety under Uskayaw
  8091 | D:8      | You fall through a shaft for 3 floors!
  8519 | D:11     | Noticed a harpy
  8519 | D:11     | Noticed a red ugly thing
  8519 | D:11     | Noticed a manticore
  8522 | D:11     | You fall through a shaft for 2 floors!
  8522 | D:13     | Found a snail-covered altar of Cheibriados.
  8522 | D:13     | Noticed a tengu warrior
  8524 | D:13     | Noticed an unseen horror
  8605 | D:13     | Noticed an unseen horror
  8609 | D:13     | You fall through a shaft!
  8609 | D:14     | Noticed a gargoyle
  8634 | D:14     | Noticed a centaur warrior
  8637 | D:14     | Noticed a deep elf mage
  8642 | D:14     | HP: 1/80 [centaur/arrow[a centaur warrior] (8)]
  8642 | D:14     | Slain by a centaur

Vault maps used:
D:1:      mainiacjoe_arrival_reflecting_pool
D:2:      chequers_temple_overflow_minitemple,
          chequers_ecumenical_altar_simple_redux, chequers_mini_garden
D:3:      xom_redecorated, uniq_robin
D:4:      first_ration
D:5:      lemuel_crystal_altar, lexackson_kobold_supper, uniq_duvessa,
          uniq_sigmund, uniq_pikel
D:7:      minmay_temple_entry_statues_fountains, serial_shops, kennysheep_mini
D:8:      marbit_many_paths, kennysheep_little_box, grunt_temple_overflow_open,
          hangedman_pestilent_swarm, kennysheep_small_square
D:11:     minmay_the_grid_square_5x5_5x5
D:13:     lightli_vaults_fourway_checkpoint, basic_altar, cheibriados_altar_1
D:14:     lemuel_ice_statue, serial_shops,
          nicolae_shop_temple_entry_statues_fountains, hangedman_decor_riveting
Temple:   minmay_temple_curvy_loop

Skill      XL: |  1  2  3  4  5  6  7  8  9 10 |
---------------+-------------------------------+-----
Shields        | 4 5 6 7 8 |  8.5
Stealth        | 1 2 3 4 5 |  5.8
Dodging        | 1 2 3 |  3.9
Armour         | 4 5 6 7 |  7.7
Fighting       | 4 5 6 7 |  7.8
Maces & Flails | 3 4 5 6 |  6.7
Invocations    | 3 |  3.1

Action                   |  1- 3 |  4- 6 |  7- 9 | 10-12 || total
-------------------------+-------+-------+-------+-------++-------
Melee: Flail             |    97 |   207 |   232 |   103 ||   639
       Whip              |       |       |   174 |       ||   174
Invok: Stomp             |       |       |       |     1 ||     1
 Abil: Shaft Self        |       |       |       |     3 ||     3
  Use: Scroll            |       |     7 |     4 |     2 ||    13
       Potion            |       |       |       |     3 ||     3
 Stab: Paralysed         |       |       |       |     4 ||     4
  Eat: Chunk             |       |     6 |    15 |     4 ||    25
Armor: Scale mail        |    34 |    68 |    59 |       ||   161
       Plate armour      |       |       |    83 |    77 ||   160
Dodge: Dodged            |    34 |    68 |   147 |    76 ||   325
Block: Shield            |    58 |   115 |   228 |   103 ||   504

Table legend:
 A = Non-vault XP
 B = Vault XP
 C = Vault XP percentage of total XP
 D = Non-vault monster count
 E = Vault monster count
 F = Vault count percentage of total count
                 A         B        C        D         E       F
            +---------+---------+-------+---------+---------+-------
      Total |    4536 |    1531 |  25.2 |     149 |      24 |  13.9
            +---------+---------+-------+---------+---------+-------
        D:1 |      21 |       0 |   0.0 |      14 |       0 |   0.0
        D:2 |     146 |       8 |   5.2 |      24 |       4 |  14.3
        D:3 |     165 |      30 |  15.4 |      18 |       9 |  33.3
        D:4 |     526 |       0 |   0.0 |      28 |       0 |   0.0
        D:5 |     925 |    1192 |  56.3 |      22 |       9 |  29.0
        D:6 |     327 |       0 |   0.0 |      10 |       0 |   0.0
        D:7 |     796 |       0 |   0.0 |      17 |       0 |   0.0
        D:8 |    1630 |     288 |  15.0 |      16 |       1 |   5.9
       D:11 |       0 |      13 | 100.0 |       0 |       1 | 100.0
            +---------+---------+-------+---------+---------+-------
